 Dungeon Crawl Stone Soup version 0.28-a0-631-g0446da8ef9 (webtiles) character file.

Game seed: 5419644853174989829

3113 PezBoy the Cleaver (level 9, -21/59 HPs)
             Began as a Gargoyle Fighter on Oct 9, 2021.
             Was a Priest of Okawaru.
             Demolished by a two-headed ogre (38 damage)
             ... on level 8 of the Dungeon.
             The game lasted 00:16:29 (8783 turns).

PezBoy the Cleaver (Gargoyle Fighter)               Turns: 8783, Time: 00:16:30

Health: -21/59     AC: 20    Str: 23    XL:     9   Next: 91%
Magic:  14/14      EV:  6    Int:  9    God:    Okawaru [***...]
Gold:   529        SH:  4    Dex:  9    Spells: 8/8 levels left

rFire   . . .      SeeInvis .   a - +1 war axe
rCold   . . .      Faith    .   c - +0 buckler
rNeg    + . .      Spirit   .   u - +0 plate armour
rPois   ∞          Reflect  .   (no helmet)
rElec   +          Harm     .   g - +1 cloak
rCorr   .          Rampage  .   (no gloves)
Will    .....                   (no boots)
Stlth   ..........              (no amulet)
HPRegen 0.19/turn               (no ring)
MPRegen 0.14/turn               (no ring)

@: no status effects
A: sickness immunity, AC +6, negative energy resistance 1, electricity
resistance, torment resistance 1, petrification resistance
a: Renounce Religion, Heroism


You were on level 8 of the Dungeon.
You worshipped Okawaru.
Okawaru was most pleased with you.
You visited 2 branches of the dungeon, and saw 9 of its levels.
You also visited: Sewer and Ossuary.

You collected 529 gold pieces.

Inventory:

Hand Weapons
 a - a +1 war axe (weapon)
Missiles
 e - 24 poisoned darts
 l - 3 throwing nets
 C - 3 datura-tipped darts (quivered)
Armour
 c - a +0 buckler (worn)
 g - a +1 cloak (worn)
 u - a +0 plate armour (worn)
Jewellery
 j - a ring of magical power
 y - a ring of resist corrosion
Wands
 o - a wand of paralysis (9)
 p - a wand of digging (2)
Scrolls
 b - 2 scrolls of identify
 d - 3 scrolls of amnesia
 h - a scroll of holy word
 k - a scroll of blinking
 w - 2 scrolls of teleportation
 A - a scroll of fear
Potions
 f - 5 potions of curing
 i - a potion of attraction
 m - a potion of invisibility
 n - a potion of flight {unknown}
 q - 3 potions of ambrosia
 r - a potion of berserk rage {unknown}
 s - 5 potions of heal wounds
 t - 2 potions of haste
 v - 2 potions of brilliance
 x - 3 potions of lignification
 z - 2 potions of mutation {unknown}
 B - a potion of resistance {unknown}


   Skills:
 + Level 8.1 Fighting
 * Level 9.1 Axes
 - Level 3.2 Armour
 - Level 4.0 Shields
 + Level 6.7 Invocations


You had 8 spell levels left.
You didn't know any spells.
Your spell library contained the following spells:

 Spells                   Type           Power      Damage    Failure   Level
 Frozen Ramparts          Ice            0%         1d2       100%        3
 Gell's Gravitas          Tloc           0%         N/A       100%        3
 Lesser Beckoning         Tloc           0%         N/A       100%        3
 Portal Projectile        Hex/Tloc       0%         N/A       100%        3
 Teleport Other           Tloc           0%         N/A       100%        3
 Ice Form                 Ice/Tmut       0%         N/A       100%        4
 Leda's Liquefaction      Hex/Erth       0%         N/A       100%        4
 Call Canine Familiar     Summ           Unusable   N/A       N/A         3
 Summon Ice Beast         Ice/Summ       Unusable   N/A       N/A         4

Dungeon Overview and Level Annotations

Branches:
Dungeon (8/15)             Temple (1/1) D:6           Sewer (visited)
Ossuary (visited)
   Lair: D:8-11

Altars:
Fedhas
Hepliaklqana
Okawaru
Qazlal
Ru
Zin
The Shining One

Shops:
D:2 (   D:6 [

Annotations:
D:5 2 transporters, willcat's ghost, amateur HuDe


Innate Abilities, Weirdness & Mutations

You are immune to sickness and miasma.
Your stone body is resilient. (AC +6)
You are immune to poison.
You resist negative energy. (rN+)
You are resistant to electric shocks. (rElec)
You are resistant to unholy torment.
You are immune to petrification.


Message History

The shadow imp hits you but does no damage.
You slash the shadow imp!
You kill the shadow imp!
Okawaru accepts your kill.
No target in view!
No target in view!
You see here a +0 leather armour.
A two-headed ogre comes into view. It is wielding two +0 giant clubs.
Found a potion of attraction.
The two-headed ogre hits you with a +0 giant club.
The two-headed ogre hits you but does no damage.
You hit the two-headed ogre.
The two-headed ogre is lightly wounded.
The two-headed ogre barely misses you.
The two-headed ogre hits you with a +0 giant club!!
You slash the two-headed ogre!
The two-headed ogre is lightly wounded.
Throw: 5 darts (datura)
Press: ? - help, Q - select action, (/) - cycle Shift-Dir - straight line, f - two-headed ogre
Aim: a two-headed ogre, wielding two +0 giant clubs (lightly wounded, 74% to hit, chance to frenzy on hit: 3%)
You throw a datura-tipped dart.
The datura-tipped dart hits the two-headed ogre.
The two-headed ogre resists.
The two-headed ogre is lightly wounded.
The two-headed ogre hits you with a +0 giant club.
The two-headed ogre closely misses you.
Throw: 4 darts (datura)
Press: ? - help, Q - select action, (/) - cycle Shift-Dir - straight line, f/p - two-headed ogre
Aim: a two-headed ogre, wielding two +0 giant clubs (lightly wounded, 73% to hit, chance to frenzy on hit: 3%)
You throw a datura-tipped dart.
The datura-tipped dart hits the two-headed ogre.
The two-headed ogre flies into a frenzy!
The two-headed ogre is lightly wounded.
The two-headed ogre hits you but does no damage.
The two-headed ogre hits you with a +0 giant club!
* * * LOW HITPOINT WARNING * * *
The two-headed ogre shouts in stereo!
The two-headed ogre hits you with a +0 giant club!!!
Ouch! That really hurt!
You die...

..# #...# #.# #...# #. ..#
#.###...#######. ..
...##...'.......##.#
...##...######.....#
....#.### #.....# ####
..#.#.## #.....+ ... ###.#..#
#.....###..##
#.....#########@..#.....#
#....#..≈≈≈≈≈..#O.#.#...###.
##....#.≈[....≈.#.(#.#.....!.
.....>#.≈§§≈≈.≈.#....(..#
#####.#.≈≈§..≈≈.#....$#...#
#.#§§§§_.≈≈.##....# ###
#.#§≈≈...≈≈.#.....#
#.#.≈.≈≈≈.≈.#...#.#
.#.≈§.§§.§.#####.#


You could see a neutral two-headed ogre (fast, strong, insane).

Vanquished Creatures
  Grinder (D:4)
  A water moccasin (D:4)
  An orc warrior (D:7)
  Purgy (Sewer)
  A sky beast (D:5)
  A black bear (D:5)
  2 ice beasts
  2 centaurs (D:7)
  A necrophage (D:6)
  An ogre (D:5)
  2 kobold brigands (D:7)
  2 elf zombies (Ossuary)
  3 bullfrogs (D:6)
  A gnoll sergeant (D:8)
  3 scorpions
  A wyvern zombie (D:7)
  A water moccasin zombie (D:6)
  4 centaur zombies
  5 jellies
  A bullfrog skeleton (D:7)
  A bullfrog zombie (D:5)
  2 centaur skeletons
  3 hounds
  A gnoll shaman (D:6)
  Terence (D:2)
  An iguana (D:4)
  2 orc wizards (D:7)
  2 ogre zombies (Ossuary)
  8 mummies
  15 gnolls
  5 adders
  3 shadow imps
  2 white imps
  2 adder zombies (Ossuary)
  A worm (D:5)
  3 dart slugs
  7 orcs
  8 ball pythons
  10 endoplasms
  6 giant cockroaches
  7 goblins
  2 hobgoblins
  4 jackals (D:4)
  19 kobolds
  4 quokkas
  10 bats
  5 frilled lizards
  A gnoll zombie (Ossuary)
  2 goblin zombies (Ossuary)
  5 hobgoblin zombies (Ossuary)
  3 kobold zombies (Ossuary)
  5 quokka zombies (Ossuary)
  11 rats
  5 rat zombies (Ossuary)
201 creatures vanquished.

Vanquished Creatures (others)
  An orc wizard (D:7)
1 creature vanquished.

Grand Total: 202 creatures vanquished

Notes
Turn   | Place    | Note
-------+----------+-------------------------------------------
     0 | D:1      | PezBoy the Gargoyle Fighter began the quest for the Orb.
     0 | D:1      | Reached XP level 1. HP: 14/14 MP: 1/1
   107 | D:1      | Reached skill level 2 in Axes
   272 | D:1      | Reached XP level 2. HP: 19/19 MP: 2/2
   694 | D:1      | Found a faded altar of an unknown god.
   999 | D:2      | Reached XP level 3. HP: 22/23 MP: 3/3
  1048 | D:2      | Found Edaarghon's Weapon Emporium.
  1049 | D:2      | Noticed Terence
  1066 | D:2      | Killed Terence
  1074 | D:2      | Reached skill level 3 in Axes
  1074 | D:2      | Reached XP level 4. HP: 19/29 MP: 4/4
  2164 | D:3      | Reached XP level 5. HP: 31/33 MP: 5/5
  2870 | D:3      | Found an iron altar of Okawaru.
  2874 | D:3      | Became a worshipper of Warmaster Okawaru
  2956 | D:4      | Found a glowing drain.
  2989 | D:4      | Noticed a water moccasin
  2998 | Sewer    | Entered a sewer
  3095 | Sewer    | Noticed Purgy
  3114 | Sewer    | Killed Purgy
  3115 | Sewer    | Reached skill level 4 in Axes
  3115 | Sewer    | Reached skill level 1 in Invocations
  3115 | Sewer    | Reached XP level 6. HP: 27/39 MP: 5/7
  3346 | D:4      | Killed a water moccasin
  3346 | D:4      | Reached * piety under Okawaru
  3590 | D:4      | Reached skill level 5 in Fighting
  3743 | D:4      | Reached skill level 5 in Axes
  3743 | D:4      | Reached XP level 7. HP: 33/44 MP: 8/8
  3918 | D:4      | Found a glowing silver altar of Zin.
  4039 | D:4      | Noticed Grinder
  4066 | D:4      | Killed Grinder
  4861 | D:5      | Entered Level 5 of the Dungeon
  4959 | D:5      | Reached skill level 6 in Axes
  4959 | D:5      | Reached XP level 8. HP: 40/51 MP: 10/10
  5181 | D:5      | Found a transporter.
  5183 | D:5      | Noticed willcat's ghost (amateur HuDe)
  5187 | D:5      | Found a transporter.
  5319 | D:5      | Found a blossoming altar of Fedhas.
  5331 | D:5      | Found a hazy altar of Hepliaklqana.
  5371 | D:5      | Reached ** piety under Okawaru
  6029 | D:6      | Found a sand-covered staircase.
  6044 | Ossuary  | Entered an ossuary
  6183 | Ossuary  | Reached skill level 7 in Axes
  6284 | Ossuary  | Reached skill level 5 in Invocations
  6474 | Ossuary  | Reached XP level 9. HP: 56/56 MP: 12/12
  6820 | D:6      | Found Goutil's Armour Shoppe.
  6880 | D:6      | Found a staircase to the Ecumenical Temple.
  6886 | Temple   | Entered the Ecumenical Temple
  6971 | D:6      | Reached skill level 8 in Axes
  7032 | D:6      | Reached *** piety under Okawaru
  7122 | D:6      | Found a sacrificial altar of Ru.
  7975 | D:7      | Found a stormy altar of Qazlal.
  8442 | D:8      | Reached skill level 9 in Axes
  8729 | D:8      | Found a glowing golden altar of the Shining One.
  8773 | D:8      | Noticed a two-headed ogre
  8783 | D:8      | Demolished by a two-headed ogre

Illustrated notes

Levels and vault maps discovered:
D:1:      dpeg_arrival_ternary, layout_loops_ring,
          shapermc_ecumenical_altar_mp_vishouse
D:2:      layout_basic, serial_shops, nicolae_diamond_shop, patterned_corridor,
          uniq_terence
D:3:      minmay_thinvault, layout_loops_ring, mainiacjoe_overflow_alcove_1
D:4:      layout_loops_ring, lemuel_tele_altar, gup_sewer_entry_glass,
          uniq_grinder
D:5:      layout_basic, amethyst_overflow_temple_binary,
          gammafunk_ghost_mausoleum
D:6:      layout_gridville, overflow_temple_1_default,
          minmay_temple_entry_gardened_gates, gup_ossuary_entry_pyramid,
          nicolae_take_the_stairs
D:7:      layout_loops_cross, mainiacjoe_overflow_surrounded_room
D:8:      layout_basic, mainiacjoe_overflow_paths, chei_slow_surprise,
          minmay_quadrilaterals
Temple:   nicolae_temple_figure_eight

Skill      XL: |  1  2  3  4  5  6  7  8  9 |
---------------+----------------------------+-----
Axes           | 2 3 4 5 6 7 9 |  9.1
Fighting       | 4 5 6 8 |  8.1
Shields        | 4 |  4.0
Invocations    | 1 2 3 5 6 |  6.7
Armour         | |  3.2

Action                   |  1- 3 |  4- 6 |  7- 9 || total
-------------------------+-------+-------+-------++-------
Melee: War axe           |    82 |   193 |   452 ||   727
Throw: Dart              |       |       |     2 ||     2
Invok: Heroism           |       |       |     2 ||     2
  Use: Potion            |     1 |     1 |     1 ||     3
       Scroll            |       |     7 |    10 ||    17
Armor: Scale mail        |    41 |   104 |    51 ||   196
       Skin              |       |    22 |       ||    22
       Plate armour      |       |       |   227 ||   227
Dodge: Dodged            |    41 |    87 |   125 ||   253
Block: Buckler           |    19 |    42 |    92 ||   153

Table legend: (Time is in decaauts)
 A = Elapsed time spent in this place.
 B = Non-inter-level travel time spent in this place.
 C = Inter-level travel time spent in this place.
 D = Time resting spent in this place.
 E = Time spent auto-exploring this place.
 F = Levels seen in this place.
 G = Mean time per level.
                   A        B        C        D        E       F      G
               +--------+--------+--------+--------+--------+-----+--------+
         Total |   8962 |   8827 |    135 |    807 |   6140 |  11 |  814.7 |
       Dungeon |   8004 |   7869 |    135 |    648 |   5730 |   8 | 1000.5 |
        Temple |      1 |      1 |      0 |      0 |      0 |   1 |    1.0 |
         Sewer |    371 |    371 |      0 |    159 |     48 |   1 |  371.0 |
       Ossuary |    584 |    584 |      0 |      0 |    362 |   1 |  584.0 |
               +--------+--------+--------+--------+--------+-----+--------+

Top non-repeatable levels by time:
     D:4: 1604 daAuts
     D:3: 1355 daAuts
     D:5: 1149 daAuts
     D:1: 980 daAuts
     D:7: 944 daAuts
     D:6: 932 daAuts
     D:2: 677 daAuts
 Ossuary: 584 daAuts
   Sewer: 371 daAuts
     D:8: 359 daAuts
  Temple: 1 daAuts
